 Dungeon Crawl Stone Soup version 0.19-b1-5-gdc9fa9d (webtiles) character file.

65 severen the Sneak (level 3, 0/24 HPs)
             Began as a Vampire Enchanter on Nov 1, 2016.
             Slain by a hound (3 damage)
             ... on level 4 of the Dungeon.
             The game lasted 00:09:14 (2231 turns).

severen the Sneak (Vampire Enchanter)               Turns: 2231, Time: 00:09:15

Health: 0/24       AC:  0    Str:  7    XL:     3   Next: 94%
Magic:  0/6        EV: 20    Int: 18    God:
Gold:   70         SH:  0    Dex: 19    Spells: 3 memorised, 0 levels left

rFire  . . .     SeeInvis +     (weapon currently unavailable)
rCold  + + .     Gourm    .     (armour currently unavailable)
rNeg   + + +     Faith    .     (shield currently unavailable)
rPois  ∞         Spirit   .     (helmet currently unavailable)
rElec  .         Reflect  .     (cloak currently unavailable)
rCorr  .         Harm     .     (gloves currently unavailable)
MR     .....                    (boots currently unavailable)
Stlth  +++++.....               (no amulet)
                                (ring currently unavailable)
                                (ring currently unavailable)

@: bat-form, flying, bloodless, non-regenerating, very quick
A: fangs 3, see invisible, (shaggy fur 0), (unbreathing)
a: End Transformation


You were on level 4 of the Dungeon.
You were bloodless.
You were in vampire-bat-form.
You visited 1 branch of the dungeon, and saw 4 of its levels.

You collected 70 gold pieces.

Inventory:

Hand Weapons
 a - a +2 dagger (melded)
Missiles
 f - 64 stones (quivered)
Armour
 b - a +1 robe (melded)
 e - a +0 ring mail
 l - a +0 helmet (melded)
Magical Staves
 j - an uncursed staff of earth
Scrolls
 m - a scroll of identify
 n - a scroll of amnesia
Potions
 d - 19 potions of blood
 g - a potion of mutation {unknown}
 h - 2 potions of haste {unknown}
 i - a potion of magic {unknown}
 k - a potion of degeneration {unknown}
 o - a potion of flight {unknown}
 p - a potion of curing {unknown}
 q - a potion of might {unknown}
Books
 c - a book of Maledictions

   Spells                             Type                      Level
   a - Corona                         Hexes                        1
   b - Ensorcelled Hibernation        Hexes/Ice                    2
   c - Confuse                        Hexes                        3
   d - Tukima's Dance                 Hexes                        3
   e - Dazzling Spray                 Conjuration/Hexes            3


   Skills:
 - Level 1.1 Short Blades
 - Level 2.1 Dodging
 + Level 6.0 Stealth
 - Level 2.0 Spellcasting
 + Level 5.7 Hexes
 * Level 1.0 Ice Magic


You couldn't memorise any spells.
You knew the following spells:

 Your Spells              Type           Power        Failure   Level  Hunger
a - Corona                Hex            ###....      1%          1    #......
b - Ensorcelled Hibernat  Hex/Ice        ##....       10%         2    ###....
c - Confuse               Hex            ###.....     6%          3    ###....


Dungeon Overview and Level Annotations

Branches:
Dungeon (4/15)
 Temple: D:4-7

Altars:

Annotations:
D:3 McMoop's ghost, amateur KoSu


Innate Abilities, Weirdness & Mutations

You do not heal naturally.
You are immune to poison.
You have razor-sharp teeth.
You have supernaturally acute eyesight. (SInv)
((You can survive without breathing.))
((You are covered in fur. (AC +1)))


Message History

The hound bites you.
You don't have enough magic at the moment.
The hound barely misses you. The hound bites you but does no damage.
You barely miss the hound. Your bite misses the hound. The hound bites you.
The hound closely misses you. The hound bites you but does no damage.
Okay, then.
The hound bites you. The hound bites you.
* * * LOW HITPOINT WARNING * * *
The hound barely misses you. The hound bites you.
* * * LOW HITPOINT WARNING * * *
The hound bites you but does no damage.
You turn into a vampire bat.
Your +2 dagger melds into your body.
Your +0 helmet melds into your body.
Your +1 robe melds into your body.
You hear the slow hiss of a distant avalanche of sand.
The hound bites you.
You die...

#..#####.#.#
#..#####.#.#
############......#.#.#
.........>##.####.#.#..
#########.##.#..#.#.###
#............#..#.#.>..
#.........####..#.#####
.#......<..# #..#.#
.......bh..####..#.#
###...........#..#.#
######.####.#..#.#
#.........#.#
##..##.##.#.#
##.#####.#.# .♣ ###.#.#
.#♣♣.♣♣#...#.#####
.........#.#......


You could see a hound.

Vanquished Creatures
  3 adders (D:2)
  2 leopard geckos (D:1)
  3 bats (D:1)
  A giant cockroach (D:1)
  A goblin (D:1)
  3 hobgoblins (D:1)
  6 jackals (D:1)
  6 kobolds
  A quokka (D:3)
  2 ball pythons
  3 frilled lizards
  A jackal skeleton (D:4)
  3 rats (D:1)
35 creatures vanquished.

Notes
Turn   | Place    | Note
-------+----------+-------------------------------------------
     0 | D:1      | severen the Vampire Enchanter began the quest for the Orb.
     0 | D:1      | Reached XP level 1. HP: 13/13 MP: 3/3
   181 | D:1      | Reached XP level 2. HP: 13/19 MP: 1/5
   197 | D:1      | Learned a level 2 spell: Ensorcelled Hibernation
   317 | D:1      | Reached skill level 5 in Hexes
   667 | D:1      | Gained mutation: You are covered in fur. (AC +1) [potion of beneficial mutation]
   697 | D:1      | Reached skill level 5 in Stealth
   826 | D:1      | Reached XP level 3. HP: 22/24 MP: 1/6
  1484 | D:2      | Learned a level 3 spell: Confuse
  1595 | D:2      | Reached skill level 1 in Ice Magic
  1795 | D:2      | Reached skill level 6 in Stealth
  1868 | D:3      | Noticed McMoop's ghost (amateur KoSu)
  2231 | D:4      | Slain by a hound

Skill      XL: |  1  2  3 |
---------------+----------+-----
Hexes          | 5 |  5.7
Stealth        | 5 6 |  6.0
Ice Magic      | 1 |  1.0
Short Blades   | |  1.1
Dodging        | |  2.1
Spellcasting   | |  2.0

Action                   || total
-------------------------++-------
Melee: Dagger            ||    91
       Bite              ||    10
 Cast: Corona            ||     2
       Ensorcelled Hiber ||    12
 Abil: Bat Form          ||     1
  Use: Scroll            ||     4
       Potion            ||     1
 Stab: Sleeping          ||    20
Armor: Robe              ||    25
Dodge: Dodged            ||    69
